 Dungeon Crawl Stone Soup version 0.24.0-29-g8ce449bc06 (webtiles) character file.

Game seed: 6774928194932838121, levelgen mode: deterministic

253 FishyPogo the Magician (level 5, -2/28 HPs)
             Began as a Deep Elf Wizard on Nov 16, 2019.
             Slain by a gnoll
             ... wielding a +0 flail
              (3 damage)
             ... on level 5 of the Dungeon.
             The game lasted 00:15:55 (3578 turns).

FishyPogo the Magician (Deep Elf Wizard)            Turns: 3578, Time: 00:15:55

Health: -2/28      AC:  4    Str:  7 (9)  XL:     5   Next: 90%
Magic:  12/16      EV: 13    Int: 24 (26) God:
Gold:   191        SH:  0    Dex: 12 (15) Spells: 8/17 levels left

rFire    + . .     SeeInvis .   u - +2 hand axe (chop)
rCold    x . .     Gourm    .   (no shield)
rNeg     . . .     Faith    .   a - +0 robe
rPois    .         Spirit   .   c - +0 helmet
rElec    .         Reflect  .   (no cloak)
rCorr    .         Harm     .   q - +0 pair of gloves
MR       .....                  (no boots)
Stlth    ++........             (no amulet)
HPRegen  0.09/turn              n - ring of fire
MPRegen  0.15/turn              (no ring)

@: mighty
A: agile 1, clever 1
a: no special abilities


You were on level 5 of the Dungeon.
You were not hungry.

You visited 1 branch of the dungeon, and saw 5 of its levels.

You collected 191 gold pieces.

Inventory:

Hand Weapons
 t - a +0 flail of holy wrath
 u - a +2 hand axe of chopping (weapon)
Missiles
 h - 18 poisoned darts (quivered)
 j - 92 stones
 m - 2 javelins
Armour
 a - a +0 robe (worn)
 b - a +0 hat
 c - a +0 helmet (worn)
 q - a +0 pair of gloves (worn)
Jewellery
 n - a ring of fire (left hand)
Scrolls
 e - a scroll of magic mapping {unknown}
 f - a scroll of amnesia {unknown}
 g - 4 scrolls of remove curse {unknown}
 p - a scroll of fog {unknown}
Potions
 l - a potion of degeneration
Comestibles
 d - 5 rations
 v - a chunk of flesh


   Skills:
 + Level 3.4 Dodging
 - Level 3.0 Stealth
 * Level 6.6 Spellcasting
 + Level 2.4 Conjurations
 - Level 3.0 Summonings
   Level 1.1 Translocations
 + Level 1.4 Air Magic


You had 8 spell levels left.
You knew the following spells:

 Your Spells              Type           Power        Failure   Level  Hunger
a - Magic Dart            Conj           ###.         2%          1    None
c - Mephitic Cloud        Conj/Pois/Air  ##......     13%         3    None
j - Conjure Flame         Conj/Fire      ###.....     14%         3    None
p - Call Imp              Summ           ###.....     3%          2    None

Your spell library contained the following spells:

 Spells                   Type           Power        Failure   Level  Hunger
 Blink                    Tloc           N/A          7%          2    None
 Slow                     Hex            #.......     12%         2    None


Dungeon Overview and Level Annotations

Branches:
Dungeon (5/15)
 Temple: D:4-7

Altars:
Okawaru


Innate Abilities, Weirdness & Mutations

You are agile. (Dex +2)
Your mind is acute. (Int +2)


Message History

Aiming: Magic Dart (safe; 2% risk of failure)
Press: ? - help, Shift-Dir - straight line, f/p - gnoll shaman
Aim: a gnoll shaman, wielding a +0 whip and wearing a +0 leather armour (lightly wounded) Really fire in your crimson imp's direction?
Okay, then.
You hit the gnoll.
The gnoll is lightly wounded.
The gnoll shaman misses your crimson imp.
The gnoll barely misses you.
Your crimson imp blinks!
You hit the gnoll but do no damage.
The gnoll is lightly wounded.
The gnoll hits you with a +0 flail!
* * * LOW HITPOINT WARNING * * *
It was a potion of might.
You feel very mighty all of a sudden. The gnoll barely misses you.
The gnoll shaman completely misses you. 2 gnolls come into view.
The gnoll hits you with a +0 flail.
You die...

### ##.## #...#
###..### .
#####......#
...###....<..#......
%......5.....#......
#......@.g#.........
##.....g###..##.....
>...<...( ..... ....
#......#...)...#....
###.... .#...###
##... ##g.## #... ..
#... ..


You could see a gnoll shaman, 2 gnolls and a friendly crimson imp.

Vanquished Creatures
  A hound (D:5)
  A jelly (D:4)
  2 gnolls
  6 adders
  2 worms
  4 dart slugs
  5 leopard geckos
  10 orcs
  2 ball pythons (D:3)
  8 bats
  2 giant cockroaches
  4 goblins
  8 hobgoblins
  7 jackals
  14 kobolds
  A quokka (D:2)
  4 frilled lizards
  A jackal skeleton (D:4)
  11 rats
93 creatures vanquished.

Vanquished Creatures (collateral kills)
  2 oozes
  A dart slug (D:3)
  2 orcs (D:3)
  A bat (D:1)
  2 jackals (D:1)
  A kobold (D:3)
  A ball python (D:1)
  A rat (D:1)
11 creatures vanquished.

Vanquished Creatures (others)
  A plant (D:2)
1 creature vanquished.

Grand Total: 105 creatures vanquished

Notes
Turn   | Place    | Note
-------+----------+-------------------------------------------
     0 | D:1      | FishyPogo the Deep Elf Wizard began the quest for the Orb.
     0 | D:1      | Reached XP level 1. HP: 10/10 MP: 7/7
   260 | D:1      | Reached skill level 5 in Spellcasting
   333 | D:1      | Reached XP level 2. HP: 15/15 MP: 7/10
   338 | D:1      | Learned a level 2 spell: Call Imp
   736 | D:1      | Reached XP level 3. HP: 19/19 MP: 8/11
   848 | D:2      | Learned a level 3 spell: Mephitic Cloud
  1147 | D:2      | Learned a level 3 spell: Conjure Flame
  1543 | D:2      | Reached XP level 4. HP: 24/24 MP: 9/13
  2622 | D:3      | Reached XP level 5. HP: 28/28 MP: 10/15
  2783 | D:3      | Reached skill level 6 in Spellcasting
  2878 | D:3      | Reached skill level 1 in Air Magic
  3419 | D:4      | Found an iron altar of Okawaru.
  3426 | D:4      | Noticed a phantom
  3427 | D:4      | Noticed a phantom
  3447 | D:4      | HP: 1/28 [phantom (5)]
  3448 | D:4      | Gained mutation: Your mind is acute. (Int +2) [potion of
                  | mutation]
  3448 | D:4      | Gained mutation: You are agile. (Dex +2) [potion of
                  | mutation]
  3474 | D:5      | Entered Level 5 of the Dungeon
  3483 | D:5      | HP: 1/28 [hound (2)]
  3576 | D:5      | HP: 1/28 [gnoll/+0 flail (13)]
  3578 | D:5      | Slain by a gnoll

Levels and vault maps discovered:
D:1:      grunt_arrival_crossed_arrows, layout_rooms, kennysheep_doodads
D:2:      layout_basic, lexackson_kobold_supper
D:3:      minmay_inner_zag, layout_basic, first_ration
D:4:      layout_rooms, old_standard_altar
D:5:      layout_cave_pools, minmay_temple_entry_from_below_b,
          minmay_misc_feat_four_crosses, roderic_roman_lattice, moated_statue,
          uniq_duvessa

Skill      XL: |  1  2  3  4  5 |
---------------+----------------+-----
Spellcasting   | 5 6 |  6.6
Summonings     | 2 3 |  3.0
Stealth        | 3 |  3.0
Dodging        | 3 |  3.4
Conjurations   | 2 |  2.4
Air Magic      | 1 |  1.4
Translocations | |  1.1

Action                   |  1- 3 |  4- 6 || total
-------------------------+-------+-------++-------
Melee: Unarmed           |    31 |    64 ||    95
       Dagger            |       |    41 ||    41
       Flail             |       |    33 ||    33
       Hand axe          |       |    23 ||    23
 Cast: Magic Dart        |   100 |   119 ||   219
       Call Imp          |    12 |    12 ||    24
       Mephitic Cloud    |       |    11 ||    11
       Conjure Flame     |       |     1 ||     1
  Use: Potion            |       |     6 ||     6
       Scroll            |       |     1 ||     1
 Stab: Distracted        |     1 |       ||     1
       Confused          |       |     2 ||     2
  Eat: Chunk             |     2 |     7 ||     9
Armor: Robe              |     8 |    42 ||    50
Dodge: Dodged            |    42 |   125 ||   167
